Rampage vs Sound Tigers
Created - March 26, 2024 at 19:07
Goals
|
Rampage |
3 |
1 |
3 |
7 |
Sound Tigers |
0 |
1 |
3 |
4 |
|
Shots
|
Rampage |
12 |
5 |
15 |
32 |
Sound Tigers |
5 |
11 |
11 |
27 |
|
1st period
1. Rampage , Jeremy Lauzon 14 (Dominik Simon 54, Jordan Kyrou 34) at 3:19 (PP)
2. Rampage , Joachim Blichfeld 30 (Henri Jokiharju 12, Anthony Richard 31) at 17:26 (PP)
3. Rampage , Paul Cotter 6 (Dylan Blujus 25, Rasmus Kupari 2) at 18:27
Penalties :
Alex Belzile (BRI) for Hooking (Minor) at 3:05, Noah Cates (BRI) for Goalie Interference (Minor) at 6:02, Nick Blankenburg (BRI) for Tripping (Minor) at 10:22, Jakub Galvas (BRI) for Interference (Minor) at 16:50
2nd period
4. Rampage , Anthony Richard 22 (Joachim Blichfeld 39, Dominik Simon 55) at 4:46
5. Sound Tigers , Jordan Greenway 47 (Austin Watson 35, Joe Labate 45) at 11:08
Penalties :
Anthony Richard (San) for Roughing (Minor) at 0:06, Anthony Richard (San) for Tripping (Minor) at 7:30, Dominik Simon (San) for Tripping (Minor) at 14:00, Casey Staum (BRI) for Interference (Minor) at 16:28
3rd period
6. Sound Tigers , Jordan Greenway 48 (Austin Watson 36, Oliver Kylington 51) at 0:08
7. Rampage , Dylan Sikura 17 (Artturi Lehkonen 17, Matt Roy 6) at 3:42
8. Sound Tigers , Alex Belzile 22 (Oliver Kylington 52, Pavel Kraskovsky 30) at 3:54
9. Sound Tigers , Pavel Kraskovsky 18 (Tyrell Goulbourne 25) at 16:23
10. Rampage , Jordan Kyrou 41 (Emil Bemstrom 10) at 17:31
11. Rampage , Jeremy Lauzon 15 (Dominik Simon 56, Joachim Blichfeld 40) at 17:45
Penalties :
Nick Blankenburg (BRI) for Roughing (Minor) at 1:24, Tyrell Goulbourne (BRI) for Holding Stick (Minor) at 9:36
Goalie Stats
Jake Oettinger (San), 23 saves from 27 shots - (0.852), W, 33-17-1, 60:00 minutes
Ivan Fedotov (BRI), 9 saves from 13 shots - (0.692), 24:46 minutes
Sean Maguire (BRI), 16 saves from 19 shots - (0.842), L, 2-2-0, 35:14 minutes
Players Stats for Rampage
Player Name G A P +/- PIM S H SB GA TA FO MP PP MP PK MP
------------------------------------------------------------------------------------
Anthony Richard 1 1 2 0 4 5 5 0 0 0 14/34 20:26 4:56 0:00
Artturi Lehkonen 0 1 1 0 0 2 1 0 0 0 1/1 11:16 0:06 1:21
Dominik Simon 0 3 3 0 2 5 4 2 0 1 0/0 21:47 5:43 0:45
Dylan Blujus 0 1 1 2 0 1 1 2 1 2 0/0 16:24 0:00 2:29
Dylan Sikura 1 0 1 0 0 2 0 1 1 0 0/0 11:51 0:00 1:42
Emil Bemstrom 0 1 1 1 0 1 0 0 0 1 1/1 6:48 0:00 0:00
Ethan Bear 0 0 0 0 0 1 3 1 0 0 0/0 26:28 6:10 3:28
Frederic Allard 0 0 0 -1 0 0 0 1 0 0 0/0 12:05 0:00 0:00
Henri Jokiharju 0 1 1 2 0 3 0 0 0 0 0/0 20:55 4:35 3:28
Jeremy Lauzon 2 0 2 0 0 2 0 4 2 1 0/0 25:38 6:10 2:29
Joachim Blichfeld 1 2 3 0 0 2 1 0 2 0 2/2 19:41 4:56 0:00
Jordan Kyrou 1 1 2 0 0 2 1 1 0 0 0/1 16:56 5:49 0:00
Matt Roy 0 1 1 -1 0 0 1 3 0 1 0/0 18:30 4:35 0:00
Paul Cotter 1 0 1 1 0 2 1 0 0 0 0/1 7:05 0:00 0:17
Pierre Engvall 0 0 0 0 0 0 2 0 0 0 0/0 19:02 4:56 3:03
Rasmus Kupari 0 1 1 1 0 2 0 0 0 0 7/13 12:15 5:38 0:00
Trent Frederic 0 0 0 0 0 1 1 0 0 1 4/8 13:13 0:11 3:04
Zach Stepan 0 0 0 0 0 1 0 0 0 0 3/7 13:40 0:00 1:42
Players Stats for Sound Tigers
Player Name G A P +/- PIM S H SB GA TA FO MP PP MP PK MP
------------------------------------------------------------------------------------
Alex Belzile 1 0 1 1 2 4 3 0 1 1 0/0 16:07 2:52 0:00
Austin Watson 0 2 2 2 0 1 1 0 0 0 2/2 15:54 3:02 0:00
Brett Connolly 0 0 0 -2 0 1 0 0 0 0 0/0 11:13 0:05 0:00
Casey Staum 0 0 0 0 2 1 1 0 0 0 0/0 11:02 0:00 0:00
Filip Zadina 0 0 0 -2 0 1 0 0 1 0 0/0 11:31 0:00 0:26
Garret Pilon 0 0 0 -1 0 1 0 0 1 0 2/5 5:42 0:00 0:00
Jakub Galvas 0 0 0 -2 2 0 0 0 0 1 0/0 22:19 2:25 4:17
Joe Labate 0 1 1 1 0 2 2 0 0 1 20/41 21:55 3:00 5:50
Jordan Greenway 2 0 2 1 0 2 0 0 0 1 1/2 21:55 3:00 5:50
Nick Blankenburg 0 0 0 -2 4 3 2 1 0 0 0/0 20:22 2:25 2:28
Noah Cates 0 0 0 -1 2 0 1 0 0 0 0/0 7:56 0:05 1:57
Oliver Kylington 0 2 2 1 0 1 0 2 0 0 0/0 26:48 3:32 6:31
Pavel Kraskovsky 1 1 2 1 0 5 1 0 2 0 5/6 20:38 2:52 4:29
Rhett Gardner 0 0 0 -2 0 2 1 0 1 1 5/11 11:34 0:00 0:26
Ross Colton 0 0 0 -1 0 2 2 0 0 0 0/0 5:45 0:03 0:00
Simon Benoit 0 0 0 -1 0 1 1 1 0 1 0/0 13:07 0:00 1:46
Slater Koekkoek 0 0 0 1 0 0 1 1 0 0 0/0 26:38 3:32 6:28
Tyrell Goulbourne 0 1 1 1 2 0 0 0 1 0 1/1 18:42 2:52 2:32
3 Stars
1 - Jeremy Lauzon (San)
2 - Joachim Blichfeld (San)
3 - Dominik Simon (San)
Power Play
Rampage - 2 on 7 Attempt(s) - 28.57%
Sound Tigers - 0 on 3 Attempt(s) - 0.00%
Penalty Kill
Rampage - 3 on 3 Attempt(s) - 100.00%
- Score 0 goal in Penalty Kill
Sound Tigers - 5 on 7 Attempt(s) - 71.43%
- Score 0 goal in Penalty Kill
Team Stat
Rampage - Hits : 21 - Faceoff Wins : 32 - Blocked Shots : 15 - Penalty Minutes : 6
Sound Tigers - Hits : 16 - Faceoff Wins : 36 - Blocked Shots : 5 - Penalty Minutes : 14
Official
Referees : Peter MacDougall and Ghislain Hebert
Linesman : Brian Mach and Jonny Murray
Game Notes
Sean Maguire enters game at 4:46 of 2nd period
Finance
Level 1 -- Attendance: 1930 (96.50%) -- Ticket Income $135,100
Level 2 -- Attendance: 880 (88.00%) -- Ticket Income $35,200
Total Attendance: 2810 (93.67%)
Total Ticket Income: $170,300
Other Income: $8,515
Total Income: $178,815
Rampage
5 vs 5 Forward
Center Left Wing Right Wing Time % Phy DF OF
1 Anthony Richard Dominik Simon Joachim Blichfeld 40 1 2 2
2 Zach Stepan Pierre Engvall Jordan Kyrou 30 1 2 2
3 Trent Frederic Artturi Lehkonen Dylan Sikura 20 1 2 2
4 Rasmus Kupari Paul Cotter Emil Bemstrom 10 1 2 2
5 vs 5 Defense
Defense Defense Time % Phy DF OF
1 Jeremy Lauzon Ethan Bear 40 1 2 2
2 Dylan Blujus Henri Jokiharju 30 1 2 2
3 Frederic Allard Matt Roy 20 1 2 2
4 Matt Roy Dylan Blujus 10 1 2 2
PowerPlay Forward
Center Left Wing Right Wing Time % Phy DF OF
1 Rasmus Kupari Dominik Simon Jordan Kyrou 60 1 2 2
2 Anthony Richard Pierre Engvall Joachim Blichfeld 40 1 2 2
PowerPlay Defense
Defense Defense Time % Phy DF OF
1 Ethan Bear Jeremy Lauzon 60 1 2 2
2 Henri Jokiharju Matt Roy 40 1 2 2
Penalty Kill 4 Players Forward
Center Wing Time % Phy DF OF
1 Trent Frederic Pierre Engvall 60 1 2 2
2 Zach Stepan Dylan Sikura 40 1 2 2
Penalty Kill 4 Players Defense
Defense Defense Time % Phy DF OF
1 Ethan Bear Henri Jokiharju 60 1 2 2
2 Dylan Blujus Jeremy Lauzon 40 1 2 2
Penalty Kill - 3 Players Forward
Forward Time % Phy DF OF
1 Trent Frederic 60 1 2 2
2 Pierre Engvall 40 1 2 2
Penalty Kill - 3 Players Defense
Defense Defense Time % Phy DF OF
1 Henri Jokiharju Dylan Blujus 60 1 2 2
2 Jeremy Lauzon Ethan Bear 40 1 2 2
4 vs 4 Forward
Center Wing Time % Phy DF OF
1 Rasmus Kupari Dominik Simon 60 1 2 2
2 Zach Stepan Pierre Engvall 40 1 2 2
4 vs 4 Defense
Defense Defense Time % Phy DF OF
1 Matt Roy Ethan Bear 60 1 2 2
2 Dylan Blujus Jeremy Lauzon 40 1 2 2
Last Minutes Offensive
Center Left Wing Right Wing Defense Defense
Rasmus Kupari Dominik Simon Joachim Blichfeld Jeremy Lauzon Ethan Bear
Last Minutes Defensive
Center Left Wing Right Wing Defense Defense
Trent Frederic Pierre Engvall Dylan Sikura Ethan Bear Henri Jokiharju
Goaltenders
Starting : Jake Oettinger
Backup : Magnus Hellberg
Extra Forwards
Normal : Dominik Simon, Dylan Sikura, Zach Stepan - PP : Trent Frederic, Jordan Kyrou - PK : Artturi Lehkonen
Extra Defensemen
Normal : Dylan Blujus, Ethan Bear, Henri Jokiharju - PP : Matt Roy - PK : Frederic Allard, Matt Roy
Penalty Shots
Jordan Kyrou, Rasmus Kupari, Anthony Richard, Joachim Blichfeld, Dylan Sikura
Custom OT Lines Forwards
Dominik Simon, Pierre Engvall, Rasmus Kupari, Jordan Kyrou, Dylan Sikura, Anthony Richard, Joachim Blichfeld, Zach Stepan, Artturi Lehkonen, Paul Cotter
Custom OT Lines Defensemen
Ethan Bear, Dylan Blujus, Jeremy Lauzon, Matt Roy, Henri Jokiharju
Scratches
Nathan Smith (Healthy), Calen Addison (Healthy), Rourke Chartier (Broken Bone (Left Ankle) Injury), Sami Niku (Healthy), Warren Foegele (Healthy)
Grigori Denisenko (Healthy), Trey Fix-Wolansky (Healthy), Emil Larmi (Healthy)
Sound Tigers
5 vs 5 Forward
Center Left Wing Right Wing Time % Phy DF OF
1 Joe Labate Jordan Greenway Austin Watson 40 1 2 2
2 Pavel Kraskovsky Tyrell Goulbourne Alex Belzile 30 1 2 2
3 Rhett Gardner Filip Zadina Brett Connolly 20 1 2 2
4 Garret Pilon Noah Cates Ross Colton 10 1 2 2
5 vs 5 Defense
Defense Defense Time % Phy DF OF
1 Oliver Kylington Slater Koekkoek 40 1 2 2
2 Nick Blankenburg Jakub Galvas 30 1 2 2
3 Simon Benoit Casey Staum 20 1 2 2
4 Oliver Kylington Slater Koekkoek 10 1 2 2
PowerPlay Forward
Center Left Wing Right Wing Time % Phy DF OF
1 Joe Labate Jordan Greenway Austin Watson 60 1 2 2
2 Pavel Kraskovsky Tyrell Goulbourne Alex Belzile 40 1 2 2
PowerPlay Defense
Defense Defense Time % Phy DF OF
1 Oliver Kylington Slater Koekkoek 60 1 2 2
2 Nick Blankenburg Jakub Galvas 40 1 2 2
Penalty Kill 4 Players Forward
Center Wing Time % Phy DF OF
1 Joe Labate Jordan Greenway 60 1 2 2
2 Pavel Kraskovsky Tyrell Goulbourne 40 1 2 2
Penalty Kill 4 Players Defense
Defense Defense Time % Phy DF OF
1 Oliver Kylington Slater Koekkoek 60 1 2 2
2 Nick Blankenburg Jakub Galvas 40 1 2 2
Penalty Kill - 3 Players Forward
Forward Time % Phy DF OF
1 Joe Labate 60 1 2 2
2 Pavel Kraskovsky 40 1 2 2
Penalty Kill - 3 Players Defense
Defense Defense Time % Phy DF OF
1 Oliver Kylington Slater Koekkoek 60 1 2 2
2 Nick Blankenburg Jakub Galvas 40 1 2 2
4 vs 4 Forward
Center Wing Time % Phy DF OF
1 Joe Labate Jordan Greenway 60 1 2 2
2 Pavel Kraskovsky Tyrell Goulbourne 40 1 2 2
4 vs 4 Defense
Defense Defense Time % Phy DF OF
1 Oliver Kylington Slater Koekkoek 60 1 2 2
2 Nick Blankenburg Jakub Galvas 40 1 2 2
Last Minutes Offensive
Center Left Wing Right Wing Defense Defense
Joe Labate Jordan Greenway Austin Watson Oliver Kylington Slater Koekkoek
Last Minutes Defensive
Center Left Wing Right Wing Defense Defense
Joe Labate Jordan Greenway Austin Watson Oliver Kylington Slater Koekkoek
Goaltenders
Starting : Ivan Fedotov
Backup : Sean Maguire
Extra Forwards
Normal : Pavel Kraskovsky, Brett Connolly, Ross Colton - PP : Pavel Kraskovsky, Brett Connolly - PK : Pavel Kraskovsky
Extra Defensemen
Normal : Jakub Galvas, Simon Benoit, Casey Staum - PP : Jakub Galvas - PK : Jakub Galvas, Simon Benoit
Penalty Shots
Jordan Greenway, Austin Watson, Alex Belzile, Joe Labate, Pavel Kraskovsky
Custom OT Lines Forwards
Jordan Greenway, Austin Watson, Alex Belzile, Joe Labate, Pavel Kraskovsky, Brett Connolly, Ross Colton, Rhett Gardner, Tyrell Goulbourne, Garret Pilon
Custom OT Lines Defensemen
Oliver Kylington, Slater Koekkoek, Nick Blankenburg, Jakub Galvas, Simon Benoit
Scratches
Alexander Yelesin (Healthy), Ben Thomson (Healthy), Connor Dewar (Healthy), Alex Steeves (Healthy), Cole Koepke (Healthy)
Chris Driedger (Healthy)
% Time on Ice - Rampage
Lines # - Real PCT - Wanted PCT - Time Play
Normal Forward
1 - 36% - 40% - 15:29
2 - 27% - 30% - 11:47
3 - 21% - 20% - 9:14
4 - 16% - 10% - 6:48
Normal Defense
1 - 40% - 40% - 17:14
2 - 30% - 30% - 12:56
3 - 27% - 20% - 11:46
4 - 3% - 10% - 1:22
PP Forward
1 - 54% - 60% - 5:49
2 - 46% - 40% - 4:56
PP Defense
1 - 57% - 60% - 6:10
2 - 43% - 40% - 4:35
PK Forward
1 - 71% - 60% - 4:15
2 - 29% - 40% - 1:42
PK Defense
1 - 58% - 60% - 3:28
2 - 42% - 40% - 2:29
PK3 Forward
1 - 0% - 60%
2 - 0% - 40%
PK3 Defense
1 - 0% - 60%
2 - 0% - 40%
44 Forward
1 - 0% - 60%
2 - 0% - 40%
44 Defense
1 - 0% - 60%
2 - 0% - 40%
Last Minute Offensive - 0:00
Last Minute Defensive - 0:00
Total
Forward - 60:00
Defense - 60:00
|
% Time on Ice - Sound Tigers
Lines # - Real PCT - Wanted PCT - Time Play
Normal Forward
1 - 31% - 40% - 13:18
2 - 31% - 30% - 13:16
3 - 25% - 20% - 11:02
4 - 13% - 10% - 5:42
Normal Defense
1 - 37% - 40% - 15:57
2 - 36% - 30% - 15:38
3 - 25% - 20% - 11:02
4 - 2% - 10% - 0:41
PP Forward
1 - 52% - 60% - 3:05
2 - 48% - 40% - 2:52
PP Defense
1 - 59% - 60% - 3:32
2 - 41% - 40% - 2:25
PK Forward
1 - 69% - 60% - 7:26
2 - 31% - 40% - 3:19
PK Defense
1 - 60% - 60% - 6:28
2 - 40% - 40% - 4:17
PK3 Forward
1 - 0% - 60%
2 - 0% - 40%
PK3 Defense
1 - 0% - 60%
2 - 0% - 40%
44 Forward
1 - 0% - 60%
2 - 0% - 40%
44 Defense
1 - 0% - 60%
2 - 0% - 40%
Last Minute Offensive - 0:00
Last Minute Defensive - 0:00
Total
Forward - 60:00
Defense - 60:00
|
Play-by-Play
1st period
0:01 of 1st period - Anthony Richard wins face-off versus Joe Labate in neutral zone.
0:04 of 1st period - Slater Koekkoek is hit by Anthony Richard and loses puck.
0:26 of 1st period - Joe Labate is hit by Ethan Bear and loses puck.
0:57 of 1st period - Wrist shot by Alex Belzile.
0:57 of 1st period - Shot Blocked by Dylan Blujus.
0:59 of 1st period - Slapshot by Oliver Kylington.
0:59 of 1st period - Shot Misses the Net.
1:27 of 1st period - Henri Jokiharju is hit by Nick Blankenburg and loses puck.
1:44 of 1st period - Backhand shot by Rasmus Kupari.
1:44 of 1st period - Stopped by Ivan Fedotov without a rebound.
1:45 of 1st period - Tyrell Goulbourne wins face-off versus Anthony Richard in Sound Tigers zone.
1:45 of 1st period - Tyrell Goulbourne is hit by Anthony Richard.
1:58 of 1st period - Wrist shot by Dominik Simon.
1:58 of 1st period - Shot Misses the Net.
2:00 of 1st period - Wrist shot by Anthony Richard.
2:00 of 1st period - Stopped by Ivan Fedotov without a rebound.
2:01 of 1st period - Zach Stepan wins face-off versus Rhett Gardner in Sound Tigers zone.
3:05 of 1st period - Minor Penalty to Alex Belzile for Hooking.
3:06 of 1st period - Rasmus Kupari wins face-off versus Joe Labate in Sound Tigers zone.
3:17 of 1st period - Slapshot by Dominik Simon.
3:17 of 1st period - Shot Misses the Net.
3:19 of 1st period - Slapshot by Jeremy Lauzon.
3:19 of 1st period - Goal by Jeremy Lauzon - Rampage : 1 - Sound Tigers : 0.
3:20 of 1st period - Joe Labate wins face-off versus Anthony Richard in neutral zone.
3:51 of 1st period - Off-side.
3:52 of 1st period - Pavel Kraskovsky wins face-off versus Zach Stepan in neutral zone.
4:43 of 1st period - Wrist shot by Pavel Kraskovsky.
4:43 of 1st period - Shot Misses the Net.
4:59 of 1st period - Icing by Dylan Blujus.
5:00 of 1st period - Joe Labate wins face-off versus Zach Stepan in Rampage zone.
5:07 of 1st period - Wrist shot by Joe Labate.
5:07 of 1st period - Deflect By Austin Watson.
5:07 of 1st period - Shot Blocked by Dylan Blujus.
5:07 of 1st period - Puck is out of play.
5:08 of 1st period - Austin Watson wins face-off versus Anthony Richard in Rampage zone.
5:21 of 1st period - Wrist shot by Dominik Simon.
5:21 of 1st period - Shot Misses the Net.
5:53 of 1st period - Off-side.
5:54 of 1st period - Rasmus Kupari wins face-off versus Garret Pilon in neutral zone.
6:02 of 1st period - Minor Penalty to Noah Cates for Goalie Interference.
6:03 of 1st period - Joe Labate wins face-off versus Rasmus Kupari in Sound Tigers zone.
6:07 of 1st period - Jeremy Lauzon is hit by Joe Labate and loses puck.
6:56 of 1st period - Jakub Galvas is hit by Jordan Kyrou and loses puck.
8:02 of 1st period - Penalty to Noah Cates is over, Noah Cates is back on ice.
8:14 of 1st period - Wrist shot by Ross Colton.
8:14 of 1st period - Shot Blocked by Ethan Bear.
8:18 of 1st period - Slapshot by Simon Benoit.
8:18 of 1st period - Stopped by Jake Oettinger without a rebound.
8:19 of 1st period - Rhett Gardner wins face-off versus Trent Frederic in Rampage zone.
8:22 of 1st period - Snap shot by Rhett Gardner.
8:22 of 1st period - Stopped by Jake Oettinger without a rebound.
8:23 of 1st period - Rhett Gardner wins face-off versus Trent Frederic in Rampage zone.
9:25 of 1st period - Icing by Slater Koekkoek.
9:26 of 1st period - Pavel Kraskovsky wins face-off versus Anthony Richard in Sound Tigers zone.
9:36 of 1st period - Icing by Jeremy Lauzon.
9:37 of 1st period - Anthony Richard wins face-off versus Joe Labate in Rampage zone.
10:22 of 1st period - Minor Penalty to Nick Blankenburg for Tripping.
10:23 of 1st period - Joe Labate wins face-off versus Rasmus Kupari in Sound Tigers zone.
10:35 of 1st period - Wrist shot by Jordan Kyrou.
10:35 of 1st period - Shot Misses the Net.
12:22 of 1st period - Penalty to Nick Blankenburg is over, Nick Blankenburg is back on ice.
12:41 of 1st period - Noah Cates is hit by Artturi Lehkonen and loses puck.
12:54 of 1st period - Frederic Allard is hit by Simon Benoit.
13:39 of 1st period - Dominik Simon is hit by Alex Belzile and loses puck.
13:43 of 1st period - Icing by Ethan Bear.
13:44 of 1st period - Anthony Richard wins face-off versus Pavel Kraskovsky in Rampage zone.
13:57 of 1st period - Slapshot by Brett Connolly.
13:57 of 1st period - Stopped by Jake Oettinger without a rebound.
13:58 of 1st period - Artturi Lehkonen wins face-off versus Rhett Gardner in Rampage zone.
14:43 of 1st period - Pavel Kraskovsky is hit by Anthony Richard and loses puck.
14:48 of 1st period - Wrist shot by Anthony Richard.
14:48 of 1st period - Shot Misses the Net.
14:50 of 1st period - Snap shot by Anthony Richard.
14:50 of 1st period - Stopped by Ivan Fedotov without a rebound.
14:51 of 1st period - Anthony Richard wins face-off versus Joe Labate in Sound Tigers zone.
14:52 of 1st period - Wrist shot by Dominik Simon.
14:52 of 1st period - Stopped by Ivan Fedotov without a rebound.
14:53 of 1st period - Joe Labate wins face-off versus Anthony Richard in Sound Tigers zone.
14:58 of 1st period - Snap shot by Joe Labate.
14:58 of 1st period - Shot Blocked by Dominik Simon.
15:00 of 1st period - Slapshot by Jakub Galvas.
15:00 of 1st period - Shot Misses the Net.
15:06 of 1st period - Wrist shot by Jordan Greenway.
15:06 of 1st period - Shot Misses the Net.
15:08 of 1st period - Wrist shot by Joe Labate.
15:08 of 1st period - Deflect By Joachim Blichfeld.
15:08 of 1st period - Shot Blocked by Matt Roy.
15:08 of 1st period - Puck is out of play.
15:09 of 1st period - Pavel Kraskovsky wins face-off versus Zach Stepan in Rampage zone.
15:12 of 1st period - Snap shot by Pavel Kraskovsky.
15:12 of 1st period - Shot Misses the Net.
15:22 of 1st period - Snap shot by Alex Belzile.
15:22 of 1st period - Stopped by Jake Oettinger without a rebound.
15:23 of 1st period - Joachim Blichfeld wins face-off versus Joe Labate in Rampage zone.
15:27 of 1st period - Off-side.
15:28 of 1st period - Anthony Richard wins face-off versus Joe Labate in neutral zone.
16:25 of 1st period - Snap shot by Filip Zadina.
16:25 of 1st period - Deflect By Rhett Gardner.
16:25 of 1st period - Shot Misses the Net.
16:25 of 1st period - Puck is out of play.
16:26 of 1st period - Joe Labate wins face-off versus Anthony Richard in Rampage zone.
16:35 of 1st period - Snap shot by Dominik Simon.
16:35 of 1st period - Shot Misses the Net.
16:37 of 1st period - Wrist shot by Dominik Simon.
16:37 of 1st period - Stopped by Ivan Fedotov without a rebound.
16:38 of 1st period - Joachim Blichfeld wins face-off versus Joe Labate in Sound Tigers zone.
16:39 of 1st period - Wrist shot by Dominik Simon.
16:39 of 1st period - Stopped by Ivan Fedotov with a rebound.
16:45 of 1st period - Snap shot by Joe Labate.
16:45 of 1st period - Stopped by Jake Oettinger without a rebound.
16:46 of 1st period - Joe Labate wins face-off versus Anthony Richard in Rampage zone.
16:50 of 1st period - Minor Penalty to Jakub Galvas for Interference.
16:51 of 1st period - Rasmus Kupari wins face-off versus Joe Labate in Sound Tigers zone.
17:16 of 1st period - Jeremy Lauzon is hit by Slater Koekkoek.
17:20 of 1st period - Wrist shot by Anthony Richard.
17:20 of 1st period - Shot Misses the Net.
17:22 of 1st period - Slapshot by Joachim Blichfeld.
17:22 of 1st period - Shot Misses the Net.
17:24 of 1st period - Slapshot by Henri Jokiharju.
17:24 of 1st period - Stopped by Ivan Fedotov with a rebound.
17:26 of 1st period - Wrist shot by Joachim Blichfeld.
17:26 of 1st period - Goal by Joachim Blichfeld - Rampage : 2 - Sound Tigers : 0.
17:27 of 1st period - Jordan Greenway wins face-off versus Anthony Richard in neutral zone.
17:31 of 1st period - Off-side.
17:32 of 1st period - Joe Labate wins face-off versus Anthony Richard in neutral zone.
18:03 of 1st period - Snap shot by Jordan Kyrou.
18:03 of 1st period - Shot Misses the Net.
18:05 of 1st period - Slapshot by Jeremy Lauzon.
18:05 of 1st period - Shot Misses the Net.
18:21 of 1st period - Wrist shot by Rasmus Kupari.
18:21 of 1st period - Shot Misses the Net.
18:23 of 1st period - Slapshot by Dylan Blujus.
18:23 of 1st period - Stopped by Ivan Fedotov with a rebound.
18:25 of 1st period - Slapshot by Dylan Blujus.
18:25 of 1st period - Shot Misses the Net.
18:27 of 1st period - Wrist shot by Paul Cotter.
18:27 of 1st period - Goal by Paul Cotter - Rampage : 3 - Sound Tigers : 0.
18:28 of 1st period - Joe Labate wins face-off versus Anthony Richard in neutral zone.
19:20 of 1st period - Wrist shot by Artturi Lehkonen.
19:20 of 1st period - Stopped by Ivan Fedotov without a rebound.
19:21 of 1st period - Anthony Richard wins face-off versus Joe Labate in Sound Tigers zone.
19:25 of 1st period - Icing by Casey Staum.
19:26 of 1st period - Joe Labate wins face-off versus Anthony Richard in Sound Tigers zone.
19:26 of 1st period - Joe Labate is hit by Anthony Richard.
19:56 of 1st period - Simon Benoit is hit by Pierre Engvall and loses puck.
Goals for this period are 3 for Rampage vs 0 for Sound Tigers.
Shots for this period are 12 for Rampage vs 5 for Sound Tigers.
2nd period
0:01 of 2nd period - Joe Labate wins face-off versus Anthony Richard in neutral zone.
0:04 of 2nd period - Backhand shot by Jordan Greenway.
0:04 of 2nd period - Shot Misses the Net.
0:06 of 2nd period - Minor Penalty to Anthony Richard for Roughing.
0:07 of 2nd period - Trent Frederic wins face-off versus Jordan Greenway in Rampage zone.
1:20 of 2nd period - Slapshot by Jeremy Lauzon.
1:20 of 2nd period - Shot Misses the Net.
2:06 of 2nd period - Penalty to Anthony Richard is over, Anthony Richard is back on ice.
2:14 of 2nd period - Slapshot by Ethan Bear.
2:14 of 2nd period - Shot Misses the Net.
3:10 of 2nd period - Icing by Dylan Blujus.
3:11 of 2nd period - Emil Bemstrom wins face-off versus Rhett Gardner in Rampage zone.
3:30 of 2nd period - Dylan Blujus is hit by Noah Cates and loses puck.
3:56 of 2nd period - Slapshot by Ross Colton.
3:56 of 2nd period - Stopped by Jake Oettinger without a rebound.
3:57 of 2nd period - Joe Labate wins face-off versus Anthony Richard in Rampage zone.
4:44 of 2nd period - Slapshot by Joachim Blichfeld.
4:44 of 2nd period - Shot Misses the Net.
4:46 of 2nd period - Slapshot by Anthony Richard.
4:46 of 2nd period - Goal by Anthony Richard - Rampage : 4 - Sound Tigers : 0.
4:46 of 2nd period - Sean Maguire enters game.
4:47 of 2nd period - Zach Stepan wins face-off versus Joe Labate in neutral zone.
5:00 of 2nd period - Wrist shot by Jordan Greenway.
5:00 of 2nd period - Shot Misses the Net.
5:02 of 2nd period - Slapshot by Oliver Kylington.
5:02 of 2nd period - Shot Blocked by Jeremy Lauzon.
5:39 of 2nd period - Wrist shot by Garret Pilon.
5:39 of 2nd period - Stopped by Jake Oettinger with a rebound.
5:41 of 2nd period - Snap shot by Noah Cates.
5:41 of 2nd period - Shot Blocked by Jordan Kyrou.
5:43 of 2nd period - Slapshot by Nick Blankenburg.
5:43 of 2nd period - Shot Misses the Net.
5:45 of 2nd period - Slapshot by Nick Blankenburg.
5:45 of 2nd period - Stopped by Jake Oettinger with a rebound.
5:47 of 2nd period - Slapshot by Nick Blankenburg.
5:47 of 2nd period - Stopped by Jake Oettinger with a rebound.
6:17 of 2nd period - Off-side.
6:18 of 2nd period - Trent Frederic wins face-off versus Rhett Gardner in neutral zone.
6:33 of 2nd period - Snap shot by Artturi Lehkonen.
6:33 of 2nd period - Shot Blocked by Slater Koekkoek.
7:25 of 2nd period - Slapshot by Slater Koekkoek.
7:25 of 2nd period - Shot Blocked by Jeremy Lauzon.
7:27 of 2nd period - Wrist shot by Ross Colton.
7:27 of 2nd period - Stopped by Jake Oettinger without a rebound.
7:28 of 2nd period - Anthony Richard wins face-off versus Garret Pilon in Rampage zone.
7:30 of 2nd period - Minor Penalty to Anthony Richard for Tripping.
7:31 of 2nd period - Joe Labate wins face-off versus Trent Frederic in Rampage zone.
8:45 of 2nd period - Jakub Galvas is hit by Dylan Blujus and loses puck.
9:30 of 2nd period - Penalty to Anthony Richard is over, Anthony Richard is back on ice.
9:40 of 2nd period - Zach Stepan is hit by Nick Blankenburg and loses puck.
10:05 of 2nd period - Wrist shot by Rhett Gardner.
10:05 of 2nd period - Shot Blocked by Matt Roy.
10:07 of 2nd period - Slapshot by Rhett Gardner.
10:07 of 2nd period - Stopped by Jake Oettinger with a rebound.
10:09 of 2nd period - Wrist shot by Filip Zadina.
10:09 of 2nd period - Stopped by Jake Oettinger with a rebound.
10:11 of 2nd period - Snap shot by Simon Benoit.
10:11 of 2nd period - Shot Blocked by Dylan Sikura.
10:13 of 2nd period - Slapshot by Casey Staum.
10:13 of 2nd period - Deflect By Filip Zadina.
10:13 of 2nd period - Shot Misses the Net.
10:13 of 2nd period - Puck is out of play.
10:14 of 2nd period - Garret Pilon wins face-off versus Paul Cotter in Rampage zone.
10:23 of 2nd period - Slapshot by Ethan Bear.
10:23 of 2nd period - Stopped by Sean Maguire with a rebound.
10:25 of 2nd period - Slapshot by Jeremy Lauzon.
10:25 of 2nd period - Shot Misses the Net.
11:08 of 2nd period - Snap shot by Austin Watson.
11:08 of 2nd period - Deflect By Jordan Greenway.
11:08 of 2nd period - Goal by Jordan Greenway - Rampage : 4 - Sound Tigers : 1.
11:09 of 2nd period - Trent Frederic wins face-off versus Joe Labate in neutral zone.
11:35 of 2nd period - Alex Belzile is hit by Dominik Simon and loses puck.
12:00 of 2nd period - Rhett Gardner is hit by Pierre Engvall and loses puck.
12:14 of 2nd period - Icing by Jakub Galvas.
12:15 of 2nd period - Rasmus Kupari wins face-off versus Rhett Gardner in Sound Tigers zone.
12:20 of 2nd period - Snap shot by Dominik Simon.
12:20 of 2nd period - Shot Misses the Net.
12:42 of 2nd period - Slapshot by Jakub Galvas.
12:42 of 2nd period - Shot Misses the Net.
12:44 of 2nd period - Wrist shot by Austin Watson.
12:44 of 2nd period - Stopped by Jake Oettinger with a rebound.
13:25 of 2nd period - Noah Cates is hit by Paul Cotter and loses puck.
13:32 of 2nd period - Snap shot by Emil Bemstrom.
13:32 of 2nd period - Deflect By Paul Cotter.
13:32 of 2nd period - Stopped by Sean Maguire with a rebound.
13:34 of 2nd period - Slapshot by Paul Cotter.
13:34 of 2nd period - Shot Misses the Net.
13:48 of 2nd period - Wrist shot by Austin Watson.
13:48 of 2nd period - Shot Misses the Net.
13:50 of 2nd period - Backhand shot by Nick Blankenburg.
13:50 of 2nd period - Stopped by Jake Oettinger without a rebound.
13:51 of 2nd period - Joe Labate wins face-off versus Anthony Richard in Rampage zone.
13:58 of 2nd period - Snap shot by Joe Labate.
13:58 of 2nd period - Stopped by Jake Oettinger with a rebound.
14:00 of 2nd period - Minor Penalty to Dominik Simon for Tripping.
14:01 of 2nd period - Trent Frederic wins face-off versus Joe Labate in Rampage zone.
14:18 of 2nd period - Pierre Engvall is hit by Joe Labate and loses puck.
15:44 of 2nd period - Nick Blankenburg is hit by Ethan Bear.
16:00 of 2nd period - Penalty to Dominik Simon is over, Dominik Simon is back on ice.
16:04 of 2nd period - Dylan Blujus is hit by Rhett Gardner and loses puck.
16:21 of 2nd period - Snap shot by Artturi Lehkonen.
16:21 of 2nd period - Shot Misses the Net.
16:23 of 2nd period - Snap shot by Artturi Lehkonen.
16:23 of 2nd period - Shot Misses the Net.
16:25 of 2nd period - Slapshot by Trent Frederic.
16:25 of 2nd period - Stopped by Sean Maguire without a rebound.
16:26 of 2nd period - Garret Pilon wins face-off versus Rasmus Kupari in Sound Tigers zone.
16:28 of 2nd period - Minor Penalty to Casey Staum for Interference.
16:29 of 2nd period - Joe Labate wins face-off versus Rasmus Kupari in Sound Tigers zone.
16:41 of 2nd period - Slapshot by Ethan Bear.
16:41 of 2nd period - Shot Misses the Net.
16:55 of 2nd period - Oliver Kylington is hit by Joachim Blichfeld and loses puck.
18:28 of 2nd period - Penalty to Casey Staum is over, Casey Staum is back on ice.
18:45 of 2nd period - Snap shot by Artturi Lehkonen.
18:45 of 2nd period - Shot Blocked by Simon Benoit.
18:47 of 2nd period - Snap shot by Artturi Lehkonen.
18:47 of 2nd period - Stopped by Sean Maguire without a rebound.
18:48 of 2nd period - Rhett Gardner wins face-off versus Trent Frederic in Sound Tigers zone.
19:34 of 2nd period - Pavel Kraskovsky is hit by Matt Roy and loses puck.
Goals for this period are 1 for Rampage vs 1 for Sound Tigers.
Shots for this period are 5 for Rampage vs 11 for Sound Tigers.
3rd period
0:01 of 3rd period - Austin Watson wins face-off versus Anthony Richard in neutral zone.
0:08 of 3rd period - Snap shot by Jordan Greenway.
0:08 of 3rd period - Goal by Jordan Greenway - Rampage : 4 - Sound Tigers : 2.
0:09 of 3rd period - Joe Labate wins face-off versus Anthony Richard in neutral zone.
0:18 of 3rd period - Joe Labate is hit by Dominik Simon and loses puck.
1:01 of 3rd period - Wrist shot by Rasmus Kupari.
1:01 of 3rd period - Stopped by Sean Maguire without a rebound.
1:02 of 3rd period - Rhett Gardner wins face-off versus Rasmus Kupari in Sound Tigers zone.
1:13 of 3rd period - Wrist shot by Rasmus Kupari.
1:13 of 3rd period - Shot Misses the Net.
1:15 of 3rd period - Slapshot by Henri Jokiharju.
1:15 of 3rd period - Shot Misses the Net.
1:17 of 3rd period - Snap shot by Henri Jokiharju.
1:17 of 3rd period - Stopped by Sean Maguire with a rebound.
1:19 of 3rd period - Slapshot by Henri Jokiharju.
1:19 of 3rd period - Stopped by Sean Maguire without a rebound.
1:20 of 3rd period - Anthony Richard wins face-off versus Joe Labate in Sound Tigers zone.
1:24 of 3rd period - Minor Penalty to Nick Blankenburg for Roughing.
1:25 of 3rd period - Joe Labate wins face-off versus Jordan Kyrou in Sound Tigers zone.
1:25 of 3rd period - Joe Labate is hit by Dominik Simon.
1:55 of 3rd period - Backhand shot by Joachim Blichfeld.
1:55 of 3rd period - Shot Blocked by Oliver Kylington.
1:57 of 3rd period - Wrist shot by Anthony Richard.
1:57 of 3rd period - Stopped by Sean Maguire without a rebound.
1:58 of 3rd period - Anthony Richard wins face-off versus Joe Labate in Sound Tigers zone.
2:39 of 3rd period - Snap shot by Joachim Blichfeld.
2:39 of 3rd period - Stopped by Sean Maguire without a rebound.
2:40 of 3rd period - Joe Labate wins face-off versus Rasmus Kupari in Sound Tigers zone.
3:24 of 3rd period - Penalty to Nick Blankenburg is over, Nick Blankenburg is back on ice.
3:42 of 3rd period - Slapshot by Dylan Sikura.
3:42 of 3rd period - Goal by Dylan Sikura - Rampage : 5 - Sound Tigers : 2.
3:43 of 3rd period - Pavel Kraskovsky wins face-off versus Anthony Richard in neutral zone.
3:48 of 3rd period - Icing by Jeremy Lauzon.
3:49 of 3rd period - Pavel Kraskovsky wins face-off versus Anthony Richard in Rampage zone.
3:50 of 3rd period - Slapshot by Oliver Kylington.
3:50 of 3rd period - Shot Blocked by Jeremy Lauzon.
3:52 of 3rd period - Slapshot by Alex Belzile.
3:52 of 3rd period - Stopped by Jake Oettinger with a rebound.
3:54 of 3rd period - Slapshot by Oliver Kylington.
3:54 of 3rd period - Deflect By Alex Belzile.
3:54 of 3rd period - Goal by Alex Belzile - Rampage : 5 - Sound Tigers : 3.
3:55 of 3rd period - Joe Labate wins face-off versus Anthony Richard in neutral zone.
3:57 of 3rd period - Off-side.
3:58 of 3rd period - Joe Labate wins face-off versus Anthony Richard in neutral zone.
4:56 of 3rd period - Off-side.
4:57 of 3rd period - Zach Stepan wins face-off versus Joe Labate in neutral zone.
5:22 of 3rd period - Jordan Kyrou is hit by Ross Colton.
5:38 of 3rd period - Jordan Kyrou is hit by Ross Colton and loses puck.
5:56 of 3rd period - Snap shot by Artturi Lehkonen.
5:56 of 3rd period - Shot Misses the Net.
5:58 of 3rd period - Slapshot by Matt Roy.
5:58 of 3rd period - Shot Misses the Net.
6:00 of 3rd period - Snap shot by Trent Frederic.
6:00 of 3rd period - Shot Misses the Net.
6:24 of 3rd period - Wrist shot by Pavel Kraskovsky.
6:24 of 3rd period - Stopped by Jake Oettinger without a rebound.
6:25 of 3rd period - Anthony Richard wins face-off versus Joe Labate in Rampage zone.
6:50 of 3rd period - Filip Zadina is hit by Trent Frederic and loses puck.
6:57 of 3rd period - Wrist shot by Dylan Sikura.
6:57 of 3rd period - Stopped by Sean Maguire with a rebound.
7:13 of 3rd period - Wrist shot by Jordan Kyrou.
7:13 of 3rd period - Deflect By Jakub Galvas.
7:13 of 3rd period - Stopped by Sean Maguire with a rebound.
7:15 of 3rd period - Slapshot by Frederic Allard.
7:15 of 3rd period - Shot Blocked by Nick Blankenburg.
7:53 of 3rd period - Alex Belzile is hit by Ethan Bear and loses puck.
8:17 of 3rd period - Wrist shot by Joachim Blichfeld.
8:17 of 3rd period - Shot Misses the Net.
8:49 of 3rd period - Zach Stepan is hit by Austin Watson and loses puck.
9:24 of 3rd period - Anthony Richard is hit by Pavel Kraskovsky and loses puck.
9:29 of 3rd period - Snap shot by Pavel Kraskovsky.
9:29 of 3rd period - Stopped by Jake Oettinger with a rebound.
9:31 of 3rd period - Slapshot by Slater Koekkoek.
9:31 of 3rd period - Shot Blocked by Dominik Simon.
9:36 of 3rd period - Minor Penalty to Tyrell Goulbourne for Holding Stick.
9:37 of 3rd period - Rasmus Kupari wins face-off versus Joe Labate in Sound Tigers zone.
9:53 of 3rd period - Snap shot by Dominik Simon.
9:53 of 3rd period - Shot Misses the Net.
11:36 of 3rd period - Penalty to Tyrell Goulbourne is over, Tyrell Goulbourne is back on ice.
12:06 of 3rd period - Off-side.
12:07 of 3rd period - Rasmus Kupari wins face-off versus Garret Pilon in neutral zone.
12:28 of 3rd period - Wrist shot by Filip Zadina.
12:28 of 3rd period - Shot Misses the Net.
12:30 of 3rd period - Slapshot by Casey Staum.
12:30 of 3rd period - Shot Blocked by Jeremy Lauzon.
12:32 of 3rd period - Slapshot by Casey Staum.
12:32 of 3rd period - Stopped by Jake Oettinger with a rebound.
13:47 of 3rd period - Snap shot by Anthony Richard.
13:47 of 3rd period - Stopped by Sean Maguire with a rebound.
13:57 of 3rd period - Snap shot by Zach Stepan.
13:57 of 3rd period - Stopped by Sean Maguire with a rebound.
14:43 of 3rd period - Snap shot by Alex Belzile.
14:43 of 3rd period - Shot Misses the Net.
14:45 of 3rd period - Snap shot by Pavel Kraskovsky.
14:45 of 3rd period - Stopped by Jake Oettinger with a rebound.
14:47 of 3rd period - Slapshot by Alex Belzile.
14:47 of 3rd period - Shot Misses the Net.
14:49 of 3rd period - Wrist shot by Alex Belzile.
14:49 of 3rd period - Shot Misses the Net.
15:15 of 3rd period - Artturi Lehkonen is hit by Alex Belzile and loses puck.
15:22 of 3rd period - Wrist shot by Alex Belzile.
15:22 of 3rd period - Stopped by Jake Oettinger with a rebound.
15:24 of 3rd period - Snap shot by Pavel Kraskovsky.
15:24 of 3rd period - Stopped by Jake Oettinger with a rebound.
15:26 of 3rd period - Slapshot by Pavel Kraskovsky.
15:26 of 3rd period - Shot Blocked by Frederic Allard.
15:28 of 3rd period - Wrist shot by Alex Belzile.
15:28 of 3rd period - Shot Blocked by Matt Roy.
15:44 of 3rd period - Wrist shot by Artturi Lehkonen.
15:44 of 3rd period - Shot Misses the Net.
15:52 of 3rd period - Artturi Lehkonen is hit by Alex Belzile and loses puck.
15:59 of 3rd period - Slapshot by Pavel Kraskovsky.
15:59 of 3rd period - Shot Misses the Net.
16:01 of 3rd period - Snap shot by Pavel Kraskovsky.
16:01 of 3rd period - Shot Misses the Net.
16:23 of 3rd period - Snap shot by Pavel Kraskovsky.
16:23 of 3rd period - Deflect By Dylan Sikura.
16:23 of 3rd period - Goal by Pavel Kraskovsky - Rampage : 5 - Sound Tigers : 4.
16:24 of 3rd period - Anthony Richard wins face-off versus Joe Labate in neutral zone.
16:31 of 3rd period - Joe Labate is hit by Anthony Richard and loses puck.
16:40 of 3rd period - Snap shot by Dominik Simon.
16:40 of 3rd period - Stopped by Sean Maguire without a rebound.
16:41 of 3rd period - Rhett Gardner wins face-off versus Zach Stepan in Sound Tigers zone.
17:31 of 3rd period - Wrist shot by Jordan Kyrou.
17:31 of 3rd period - Goal by Jordan Kyrou - Rampage : 6 - Sound Tigers : 4.
17:32 of 3rd period - Anthony Richard wins face-off versus Rhett Gardner in neutral zone.
17:36 of 3rd period - Ethan Bear is hit by Casey Staum and loses puck.
17:43 of 3rd period - Wrist shot by Dominik Simon.
17:43 of 3rd period - Stopped by Sean Maguire with a rebound.
17:45 of 3rd period - Slapshot by Jeremy Lauzon.
17:45 of 3rd period - Goal by Jeremy Lauzon - Rampage : 7 - Sound Tigers : 4.
17:46 of 3rd period - Anthony Richard wins face-off versus Joe Labate in neutral zone.
17:53 of 3rd period - Snap shot by Dominik Simon.
17:53 of 3rd period - Shot Misses the Net.
17:55 of 3rd period - Snap shot by Anthony Richard.
17:55 of 3rd period - Shot Misses the Net.
17:57 of 3rd period - Slapshot by Ethan Bear.
17:57 of 3rd period - Deflect By Dominik Simon.
17:57 of 3rd period - Shot Blocked by Oliver Kylington.
17:57 of 3rd period - Puck is out of play.
17:58 of 3rd period - Anthony Richard wins face-off versus Joe Labate in Sound Tigers zone.
18:01 of 3rd period - Slapshot by Dominik Simon.
18:01 of 3rd period - Shot Misses the Net.
18:03 of 3rd period - Slapshot by Dominik Simon.
18:03 of 3rd period - Shot Misses the Net.
18:46 of 3rd period - Wrist shot by Emil Bemstrom.
18:46 of 3rd period - Stopped by Sean Maguire without a rebound.
18:47 of 3rd period - Rasmus Kupari wins face-off versus Joe Labate in Sound Tigers zone.
18:56 of 3rd period - Slapshot by Rasmus Kupari.
18:56 of 3rd period - Shot Misses the Net.
19:12 of 3rd period - Filip Zadina is hit by Dominik Simon and loses puck.
19:37 of 3rd period - Slapshot by Oliver Kylington.
19:37 of 3rd period - Stopped by Jake Oettinger with a rebound.
Goals for this period are 3 for Rampage vs 3 for Sound Tigers.
Shots for this period are 15 for Rampage vs 11 for Sound Tigers.